 Dungeon Crawl Stone Soup version 0.29.1-15-g9cfb28693d (webtiles) character file.

Game seed: 14443178959463938495

1474 croobank the Firebug (level 8, -11/60 HPs)
             Began as a Gnoll Fire Elementalist on Mar 25, 2023.
             Mangled by an orc warrior
             ... wielding a +0 scimitar
              (14 damage)
             ... on level 6 of the Dungeon.
             The game lasted 00:17:28 (5898 turns).

croobank the Firebug (Gnoll Fire Elementalist)      Turns: 5898, Time: 00:17:28

Health: -11/60     AC:  4    Str:  6 (7)  XL:     8   Next: 78%
Magic:  0/17       EV: 17    Int: 15 (17) God:
Gold:   232        SH:  0    Dex:  8 (11) Spells: 13/19 levels left

rFire   + . .      SeeInvis +   f - +0 short sword
rCold   x . .      Faith    .   (no shield)
rNeg    . . .      Spirit   +   a - +1 robe
rPois   .          Reflect  .   v - +0 helmet
rElec   .          Harm     .   (no cloak)
rCorr   .          Rampage  .   (no gloves)
Will    .....                   (no boots)
Stlth   +++.......              r - amulet of guardian spirit
HPRegen 0.20/turn               e - ring of fire
MPRegen 0.15/turn               u - +4 ring of evasion

@: attractive
A: fangs 1, strong nose, distributed training, see invisible, clumsy 1, subdued
magic 1
a: no special abilities


You were on level 6 of the Dungeon.
You visited 1 branch of the dungeon, and saw 6 of its levels.

You collected 232 gold pieces.

Inventory:

Hand Weapons
 f - a +0 short sword (weapon)
 o - a +0 bardiche
 t - the +8 quarterstaff of Abuse {protect, rF+ SInv}
   (You found it on level 6 of the Dungeon)

   It grants its wielder temporary protection when it strikes (+7 to AC).
   rF:        It protects you from fire.
   SInv:      It lets you see invisible.
 w - a +3 spear
Missiles
 q - 5 poisoned darts (quivered)
Armour
 a - a +1 robe (worn)
 v - a +0 helmet (worn)
Magical Staves
 d - a staff of cold
 i - a staff of conjuration
Jewellery
 e - a ring of fire (left hand)
 m - a ring of wizardry
 p - a ring of fire
 r - an amulet of guardian spirit (around neck)
 u - a +4 ring of evasion (right hand)
Wands
 y - a wand of charming (1)
Scrolls
 c - a scroll of teleportation
 g - 2 scrolls of enchant armour
 k - 2 scrolls of vulnerability
 s - a scroll of magic mapping
 A - a scroll of identify
Potions
 b - a potion of magic
 h - a potion of haste
 j - 2 potions of invisibility
 n - a potion of cancellation


   Skills:
 + Level 3.7 Fighting
 + Level 3.7 Short Blades
 + Level 3.7 Long Blades
 + Level 3.7 Axes
 + Level 3.7 Maces & Flails
 + Level 3.7 Polearms
 + Level 3.7 Staves
 + Level 3.7 Ranged Weapons
 + Level 3.7 Throwing
 + Level 3.7 Armour
 + Level 6.0 Dodging
 + Level 5.6 Stealth
 + Level 3.7 Shields
 + Level 3.7 Unarmed Combat
 + Level 6.3 Spellcasting
 + Level 3.8 Conjurations
 + Level 3.0 Hexes
 + Level 3.0 Summonings
 + Level 3.0 Necromancy
 + Level 3.0 Translocations
 + Level 3.0 Transmutations
 + Level 6.3 Fire Magic
 + Level 3.0 Ice Magic
 + Level 3.0 Air Magic
 + Level 3.0 Earth Magic
 + Level 3.0 Poison Magic
 + Level 4.1 Invocations
 + Level 3.7 Evocations


You had 13 spell levels left.
You knew the following spells:

 Your Spells              Type           Power      Damage    Failure   Level
a - Foxfire               Conj/Fire      88%        2x1d8     1%          1
b - Scorch                Fire           54%        2d8       1%          2
c - Stone Arrow           Conj/Erth      22%        3d8       9%          3

Your spell library contained the following spells:

 Spells                   Type           Power      Damage    Failure   Level
 Sandblast                Erth           20%        2d7       3%          1
 Passwall                 Tmut/Erth      8%         N/A       4%          2
 Conjure Flame            Conj/Fire      22%        6-21      4%          3
 Inner Flame              Hex/Fire       21%        N/A       4%          3
 Flame Wave               Conj/Fire      22%        2d8       16%         4


Dungeon Overview and Level Annotations

Branches:
Dungeon (6/15)
 Temple: D:4-7

Altars:
Makhleb
Okawaru
Ru


Innate Abilities, Weirdness & Mutations

You have very sharp teeth.
Your uncanny sense of smell can sniff out nearby items.
Your experience applies equally to all skills.
You have supernaturally acute eyesight. (SInv)
You are clumsy. (Dex -2)
Your spells are a little easier to cast, but a little less powerful.


Message History

You hit the orc warrior.
The orc warrior is almost dead.
The orc warrior barely misses you.
You hit the orc warrior.
You bite the orc warrior, but do no damage.
The orc warrior is almost dead.
The orc warrior completely misses you.
You barely miss the orc warrior.
The orc warrior is almost dead.
The orc warrior closely misses you.
The orc warrior hits you with a +0 scimitar.
* * * LOW HITPOINT WARNING * * *
You closely miss the orc warrior.
The orc warrior is almost dead.
The orc warrior hits you with a +0 scimitar!
* * * LOW HITPOINT WARNING * * *
Okay, then.
Okay, then.
The +8 quarterstaff of Abuse {protect, rF+ SInv} goes still.
f - a +0 short sword (weapon)
You closely miss the orc warrior. Your punch misses the orc warrior.
The orc warrior is almost dead.
The orc warrior barely misses you.
You barely miss the orc warrior.
The orc warrior is almost dead.
The orc warrior misses you.
Okay, then.
Aiming: Charm
Press: ? - help, Shift-Dir - straight line, f - orc warrior
Aim: an orc warrior, wielding a +0 scimitar and wearing a +0 plate armour (almost dead, chance to affect: 59%)
Okay, then.
Okay, then.
It was a potion of degeneration.
There was something very wrong with that liquid.
You feel weakened.
You feel dopey.
You feel clumsy. The orc warrior barely misses you.
It was a potion of attraction.
You feel attractive to monsters.
The orc warrior hits you with a +0 scimitar!
You die...

########
#....o.#
#.###@##
#.#..).#
#.#....#
#.#.#.##
#.#....
######.###.#
#......###.##
##.####.....#
#.#####


You could see an orc warrior.

Vanquished Creatures
  A black bear (D:5)
  2 ogres (D:5)
  Blork the orc (D:4)
  8 scorpions
  2 necrophages
  2 hounds (D:4)
  2 orc priests
  A gnoll bouda (D:5)
  3 iguanas (D:5)
  7 adders
  15 gnolls
  A white imp (D:6)
  An ufetubus (D:5)
  2 worms
  2 dart slugs
  7 orcs
  11 endoplasms
  4 giant cockroaches
  8 goblins
  5 hobgoblins
  4 jackals
  10 kobolds
  3 quokkas
  5 ball pythons
  12 bats
  A frilled lizard (D:3)
  6 rats
126 creatures vanquished.

Vanquished Creatures (collateral kills)
  2 foxfires (D:6)
2 creatures vanquished.

Vanquished Creatures (others)
  166 foxfires
  4 fungi (D:6)
  3 plants (D:6)
173 creatures vanquished.

Grand Total: 301 creatures vanquished

Notes
Turn   | Place    | Note
-------+----------+-------------------------------------------
     0 | D:1      | croobank the Gnoll Fire Elementalist began the quest for
                  | the Orb.
     0 | D:1      | Reached XP level 1. HP: 13/13 MP: 6/6
   194 | D:1      | Reached XP level 2. HP: 19/19 MP: 2/7
   197 | D:1      | Learned a level 2 spell: Scorch
   274 | D:1      | Found a faded altar of an unknown god.
   984 | D:2      | Reached skill level 5 in Spellcasting
   984 | D:2      | Reached XP level 3. HP: 25/25 MP: 2/9
  1259 | D:2      | Reached skill level 1 in Invocations
  1876 | D:2      | Gained mutation: You passively dampen the noise of your
                  | surroundings. [potion of mutation]
  1876 | D:2      | Gained mutation: You occasionally lose the ability to drink
                  | potions when taking damage. [potion of mutation]
  1876 | D:2      | Gained mutation: Your mind is acute. (Int +4, Str/Dex -1)
                  | [potion of mutation]
  1997 | D:3      | Reached skill level 1 in Fighting
  1997 | D:3      | Reached skill level 1 in Short Blades
  1997 | D:3      | Reached skill level 1 in Long Blades
  1997 | D:3      | Reached skill level 1 in Axes
  1997 | D:3      | Reached skill level 1 in Maces & Flails
  1997 | D:3      | Reached skill level 1 in Polearms
  1997 | D:3      | Reached skill level 1 in Staves
  1997 | D:3      | Reached skill level 1 in Ranged Weapons
  1997 | D:3      | Reached skill level 1 in Throwing
  1997 | D:3      | Reached skill level 1 in Armour
  1997 | D:3      | Reached skill level 1 in Shields
  1997 | D:3      | Reached skill level 1 in Unarmed Combat
  1997 | D:3      | Reached skill level 1 in Evocations
  2213 | D:3      | Found a sacrificial altar of Ru.
  2480 | D:3      | Lost mutation: Your mind is acute. (Int +4, Str/Dex -1)
                  | [potion of mutation]
  2480 | D:3      | Lost mutation: You occasionally lose the ability to drink
                  | potions when taking damage. [potion of mutation]
  2480 | D:3      | Gained mutation: Your spells are a little easier to cast,
                  | but a little less powerful. [potion of mutation]
  2480 | D:3      | Gained mutation: You do not regenerate when monsters are
                  | visible. [potion of mutation]
  2480 | D:3      | Gained mutation: You are partially covered in iridescent
                  | scales. (AC +2) [potion of mutation]
  2563 | D:4      | Reached XP level 4. HP: 32/32 MP: 9/11
  2750 | D:4      | Noticed a scorpion
  2753 | D:4      | Killed a scorpion
  2754 | D:4      | Reached skill level 1 in Hexes
  2754 | D:4      | Reached skill level 1 in Summonings
  2754 | D:4      | Reached skill level 1 in Necromancy
  2754 | D:4      | Reached skill level 1 in Translocations
  2754 | D:4      | Reached skill level 1 in Transmutations
  2754 | D:4      | Reached skill level 1 in Ice Magic
  2754 | D:4      | Reached skill level 1 in Air Magic
  2754 | D:4      | Reached skill level 1 in Earth Magic
  2754 | D:4      | Reached skill level 1 in Poison Magic
  2754 | D:4      | Reached XP level 5. HP: 37/37 MP: 5/12
  2956 | D:4      | Found an iron altar of Okawaru.
  3085 | D:4      | Reached XP level 6. HP: 44/44 MP: 8/13
  3468 | D:4      | Reached skill level 5 in Dodging
  3641 | D:4      | Noticed Blork the orc
  3645 | D:4      | Killed Blork the orc
  3745 | D:4      | Found a burning altar of Makhleb.
  3757 | D:4      | Lost mutation: You passively dampen the noise of your
                  | surroundings. [potion of mutation]
  3757 | D:4      | Lost mutation: You are partially covered in iridescent
                  | scales. (AC +2) [potion of mutation]
  3757 | D:4      | Lost mutation: You do not regenerate when monsters are
                  | visible. [potion of mutation]
  3757 | D:4      | Gained mutation: You have supernaturally acute eyesight.
                  | (SInv) [potion of mutation]
  3757 | D:4      | Gained mutation: You are clumsy. (Dex -2) [potion of
                  | mutation]
  3881 | D:5      | Entered Level 5 of the Dungeon
  3976 | D:5      | Reached XP level 7. HP: 44/50 MP: 5/15
  4259 | D:5      | Reached skill level 5 in Stealth
  4718 | D:5      | Reached XP level 8. HP: 43/58 MP: 2/16
  5276 | D:6      | Learned a level 3 spell: Stone Arrow
  5643 | D:6      | Identified the +8 quarterstaff of Abuse {protect, rF+ SInv}
  5893 | D:6      | HP: 2/60 [orc warrior/+0 scimitar (11)]
  5898 | D:6      | Mangled by an orc warrior

Illustrated notes

Levels and vault maps discovered:
D:1:      eino_arrival_druids_welcome, layout_basic,
          hellmonk_ecumenical_altar_run_dry
D:2:      layout_loops_ring
D:3:      layout_basic, mainiacjoe_overflow_alcove_4
D:4:      layout_loops_cross, okawaru_altar_gauntlet_db, lightli_temple_of_fire,
          uniq_blork_the_orc
D:5:      layout_loops_ring, feat_on_display
D:6:      old_forge, layout_basic, lemuel_doored_altar

Skill      XL: |  1  2  3  4  5  6  7  8 |
---------------+-------------------------+-----
Conjurations   | 2 3 |  3.8
Spellcasting   | 5 6 |  6.3
Invocations    | 1 2 3 4 |  4.1
Fighting       | 1 2 3 |  3.7
Short Blades   | 1 2 3 |  3.7
Long Blades    | 1 2 3 |  3.7
Axes           | 1 2 3 |  3.7
Maces & Flails | 1 2 3 |  3.7
Polearms       | 1 2 3 |  3.7
Staves         | 1 2 3 |  3.7
Ranged Weapons | 1 2 3 |  3.7
Throwing       | 1 2 3 |  3.7
Armour         | 1 2 3 |  3.7
Shields        | 1 2 3 |  3.7
Unarmed Combat | 1 2 3 |  3.7
Evocations     | 1 2 3 |  3.7
Hexes          | 1 2 3 |  3.0
Summonings     | 1 2 3 |  3.0
Necromancy     | 1 2 3 |  3.0
Translocations | 1 2 3 |  3.0
Transmutations | 1 2 3 |  3.0
Ice Magic      | 1 2 3 |  3.0
Air Magic      | 1 2 3 |  3.0
Earth Magic    | 1 2 3 |  3.0
Poison Magic   | 1 2 3 |  3.0
Dodging        | 5 6 |  6.0
Stealth        | 5 |  5.6
Fire Magic     | 6 |  6.3

Action                   |  1- 3 |  4- 6 |  7- 9 || total
-------------------------+-------+-------+-------++-------
Melee: Staff             |     1 |    13 |    26 ||    40
       Bite              |       |     1 |     6 ||     7
       Spear             |       |       |    20 ||    20
       Quarterstaff      |       |       |    13 ||    13
       Short sword       |       |       |     2 ||     2
       Punch             |       |       |     2 ||     2
 Cast: Foxfire           |    44 |    14 |    43 ||   101
       Scorch            |    32 |    46 |    52 ||   130
  Use: Scroll            |     7 |     2 |     5 ||    14
       Potion            |     2 |     1 |     5 ||     8
Armor: Robe              |       |     5 |    10 ||    15
Dodge: Dodged            |     5 |    17 |    80 ||   102
